 Dungeon Crawl Stone Soup version 0.17-a0-1510-gb3fb22e (webtiles) character file.

42 badblocks the Chopper (level 3, 0/29 HPs)
             Began as a Formicid Berserker on July 11, 2015.
             Was a Believer of Trog.
             Slain by an adder (3 damage)
             ... on level 2 of the Dungeon.
             The game lasted 00:01:29 (1091 turns).

badblocks the Chopper (Formicid Berserker)          Turns: 1091, Time: 00:01:29

Health: 0/29       AC:  2    Str: 22    XL:     3   Next: 77%
Magic:  3/3        EV: 12    Int:  6    God:    Trog [**....]
Gold:   63         SH:  0    Dex: 10    Spells: 0 memorised, 2 levels left

rFire  . . .     SeeInvis +     a - +0 hand axe
rCold  . . .     Clarity  .     b - +0 animal skin
rNeg   . . .     SustAt   .     (no shield)
rPois  .         Gourm    .     (helmet unavailable)
rElec  .         Spirit   .     (no cloak)
rCorr  .         Warding  .     (no gloves)
rMut   .         Stasis   +     (no boots)
MR     ++...                    (no amulet)
Stlth  +.........               (no ring)
                                (no ring)

@: lethally poisoned (0 -> 0), regenerating, very resistant to hostile
enchantments, very unstealthy
A: permanent stasis, dig shafts and tunnels, four strong arms, antennae 3
a: Dig, Shaft Self, Burn Spellbooks, Trog's Hand, Renounce Religion


You were on level 2 of the Dungeon.
You worshipped Trog.
Trog was pleased with you.
You were hungry.

You visited 1 branch of the dungeon, and saw 2 of its levels.

You collected 63 gold pieces.

Inventory:

Hand weapons
 a - a +0 hand axe (weapon)
Armour
 b - a +0 animal skin (worn)
Scrolls
 i - a scroll of immolation {unknown}
 j - a scroll of recharging {unknown}
 l - a scroll of magic mapping {unknown}
 m - a scroll of identify {unknown}
Potions
 d - a potion of might {unknown}
 e - a potion of agility {unknown}
 g - a potion of ambrosia {unknown}
 h - a potion of flight {unknown}
 k - a potion of curing {unknown}
Comestibles
 c - a bread ration
 f - a beef jerky


   Skills:
 - Level 3.2 Fighting
 * Level 4.4 Axes
 - Level 2.1 Armour
 - Level 1.7 Dodging


You had 2 spell levels left.
You didn't know any spells.

Dungeon Overview and Level Annotations

Branches:
Dungeon (2/15)

Altars:


Innate Abilities, Weirdness & Mutations

You are under a permanent stasis effect.
You can dig through walls and to a lower floor.
Your four strong arms can wield two-handed weapons with a shield.
You have a pair of large antennae on your head (SInv).


Message History

The adder bites you but does no damage.
You barely miss the adder.
The adder is lightly wounded.
You closely miss the rat. You hit the hobgoblin.
The hobgoblin is heavily wounded.
You feel sick. The hobgoblin closely misses you.
The adder completely misses you. The rat bites you.
* * * LOW HITPOINT WARNING * * *
You are too injured to fight recklessly!
Use which ability? (? or * to list)
Your skin crawls.
You feel resistant to hostile enchantments.
You feel slightly more hungry.
You feel sick. The adder bites you.
* * * LOW HITPOINT WARNING * * *
You are more poisoned.
The adder poisons you! The hobgoblin hits you.
* * * LOW HITPOINT WARNING * * *
The rat barely misses you.
You feel sick. The adder bites you.
You die...

#........# ###.###
#..#.##..#....
#...).# #.<#.#
.#.... #.....#
#..#..
#.....#####.....#
#..##.#
...............#
#..# .#
#$.#####......#
#... ..
#..#####.##.###
####
.######.gS..##.##.#
......g.@.......#
##.#..r.....)####
#.........#
##........#
#........#
#..=.....#
.........$#
##...####### #$..


You could see an adder, 2 hobgoblins and a rat.

Vanquished Creatures
  An adder (D:1)
  A giant gecko (D:1)
  2 giant cockroaches
  3 goblins
  3 hobgoblins (D:1)
  4 jackals (D:1)
  5 kobolds (D:1)
  A ball python (D:1)
  4 bats (D:1)
  3 giant newts (D:1)
  5 rats (D:1)
32 creatures vanquished.

Notes
Turn   | Place    | Note
--------------------------------------------------------------
     0 | D:1      | badblocks the Formicid Berserker began the quest for the Orb.
     0 | D:1      | Reached XP level 1. HP: 18/18 MP: 1/1
    60 | D:1      | Reached XP level 2. HP: 4/24 MP: 2/2
   715 | D:1      | Reached skill level 4 in Axes
   715 | D:1      | Reached XP level 3. HP: 27/29 MP: 3/3
  1009 | D:1      | Acquired Trog's second power
  1091 | D:2      | Slain by an adder

Vault maps used:
D:1:      dpeg_arrival_tiny_c
D:2:      first_bread

Action                   || total
-------------------------++-------
Melee: Hand axe          ||    99
Invok: Trog's Hand       ||     1
